CAROLINA Hurricanes vs NEW YORK Rangers

Created - 3 mars 2024 at 14:48

Goals
1 2 3 T
CAROLINA Hurricanes 0 0 0 0
NEW YORK Rangers 1 1 1 3
Shots
1 2 3 T
CAROLINA Hurricanes 2 7 5 14
NEW YORK Rangers 9 9 7 25

1st period

1. NEW YORK Rangers , Brayden Schenn 10 (Timo Meier 17, Kasperi Kapanen 11) at 8:25 (PP)

Penalties :
Rasmus Ristolainen (CAR) for Tripping (Minor) at 4:49, Niko Mikkola (CAR) for Delaying the game (Minor) at 6:58

2nd period

2. NEW YORK Rangers , Brayden Schenn 11 (Conor Garland 11, Timo Meier 18) at 1:02

Penalties :
Jacob Middleton (NYR) for High sticking (Minor) at 4:21, Jared Spurgeon (NYR) for Cross-checking (Minor) at 8:59, Kris Letang (CAR) for Slashing (Minor) at 16:24

3rd period

3. NEW YORK Rangers , Justin Faulk 7 (Jamie Benn 35, Jared Spurgeon 28) at 0:14

Penalties :
Brayden Schenn (NYR) for Interference (Minor) at 11:34, Justin Faulk (NYR) for Holding Stick (Minor) at 17:29

Goalie Stats

Alexandar Georgiev (CAR), 22 saves from 25 shots - (0,880), L, 23-13-2, 60:00 minutes
Linus Ullmark (NYR), 14 saves from 14 shots - (1,000), W, 24-7-4, 60:00 minutes

Players Stats for CAROLINA Hurricanes

Player Name              G  A  P  +/- PIM S  H  SB GA TA FO     MP     PP MP  PK MP  
------------------------------------------------------------------------------------
Adam Fox                 0  0  0  -1  0   0  0  2  0  0  0/0    25:32   4:27   2:53 
Blake Lizotte            0  0  0   0  0   0  0  0  0  0  9/10    9:46   0:00   0:00 
Brady Tkachuk            0  0  0  -1  0   2  1  0  0  0  0/0    16:57   4:00   0:00 
Brandon Montour          0  0  0  -1  0   0  4  1  0  0  0/0    23:36   4:27   0:57 
David Perron             0  0  0   0  0   1  0  0  0  0  0/0     9:46   0:00   0:00 
Derek Ryan               0  0  0   0  0   0  1  0  0  0  1/4     9:37   0:00   2:11 
Devon Toews              0  0  0  -1  0   0  3  4  0  0  0/0    22:43   3:29   3:04 
Elias Pettersson         0  0  0  -1  0   0  2  0  0  0  1/3    22:47   3:29   2:48 
Evgeny Svechnikov        0  0  0   0  0   1  0  0  0  0  0/0     7:26   0:00   0:00 
Filip Forsberg           0  0  0   0  0   1  0  0  0  0  0/2    13:41   3:29   0:26 
Kris Letang              0  0  0  -1  2   0  3  1  0  0  0/0    21:20   3:29   1:42 
Mika Zibanejad           0  0  0  -1  0   3  3  1  0  0  15/33  23:45   4:27   2:48 
Nazem Kadri              0  0  0  -1  0   2  1  0  0  0  8/13   13:50   0:27   0:26 
Niko Mikkola             0  0  0   0  2   0  1  0  0  0  0/0    12:20   0:00   0:04 
Noah Cates               0  0  0   0  0   0  1  0  0  0  1/3     9:37   0:00   2:11 
Rasmus Ristolainen       0  0  0   0  2   2  2  1  0  0  0/0    14:26   0:00   2:10 
Travis Konecny           0  0  0  -1  0   2  0  0  0  0  1/2    16:26   3:29   0:00 
William Nylander         0  0  0  -1  0   0  1  0  0  0  0/1    20:57   4:27   0:00 

Players Stats for NEW YORK Rangers

Player Name              G  A  P  +/- PIM S  H  SB GA TA FO     MP     PP MP  PK MP  
------------------------------------------------------------------------------------
Andrew Copp              0  0  0   0  0   1  1  0  0  0  2/13   13:12   1:58   0:14 
Brayden Schenn           2  0  2   1  2   5  3  0  0  0  9/18   20:00   3:27   1:58 
Cam Fowler               0  0  0   1  0   1  0  0  0  0  0/0    20:39   3:06   2:31 
Casey Cizikas            0  0  0   0  0   1  0  0  0  0  3/4     6:19   0:00   0:00 
Chris Kreider            0  0  0   1  0   2  1  0  0  0  2/4    22:14   1:58   5:32 
Conor Garland            0  1  1   1  0   1  0  1  0  0  0/0    14:36   0:00   0:00 
Dante Fabbro             0  0  0   0  0   1  2  0  0  0  0/0    14:10   0:00   0:00 
Jacob Middleton          0  0  0   0  2   0  0  0  0  0  0/0    15:41   0:00   1:32 
Jamie Benn               0  1  1   1  0   3  2  0  0  0  18/29  22:14   1:58   5:32 
Jared Spurgeon           0  1  1   1  2   0  1  0  0  0  0/0    23:11   2:19   3:26 
Justin Faulk             1  0  1   1  2   3  3  0  0  0  0/0    24:07   2:19   4:22 
Kasperi Kapanen          0  1  1   0  0   1  2  0  0  0  0/0    14:27   3:27   0:00 
Kirill Marchenko         0  0  0   0  0   2  3  0  0  0  0/0    11:00   0:00   0:00 
Mats Zuccarello          0  0  0   1  0   0  0  0  0  0  0/1    14:44   0:00   0:00 
Ryan Lomberg             0  0  0   0  0   0  1  0  0  0  0/0     6:19   0:00   0:00 
Timo Meier               0  2  2   1  0   3  2  1  0  0  1/2    20:13   3:27   2:10 
Tyler Myers              0  0  0   1  0   0  3  0  0  0  0/0    22:09   3:06   4:01 
Vladislav Namestnikov    0  0  0   0  0   1  0  0  0  0  0/0     6:45   0:00   0:26 

3 Stars

1 - Brayden Schenn (NYR)
2 - Timo Meier (NYR)
3 - Linus Ullmark (NYR)

Power Play

CAROLINA Hurricanes - 0 on 4 Attempt(s) - 0,00%
NEW YORK Rangers - 1 on 3 Attempt(s) - 33,33%

Penalty Kill

CAROLINA Hurricanes - 2 on 3 Attempt(s) - 66,67% - Score 0 goal in Penalty Kill
NEW YORK Rangers - 4 on 4 Attempt(s) - 100,00% - Score 0 goal in Penalty Kill

Team Stat

CAROLINA Hurricanes - Hits : 23 - Faceoff Wins : 36 - Blocked Shots : 10 - Penalty Minutes : 6
NEW YORK Rangers - Hits : 24 - Faceoff Wins : 35 - Blocked Shots : 2 - Penalty Minutes : 8

Official

Referees : Beaudry Halkidis and Kelly Cooke
Linesman : Derek Amell and Jonny Murray

Game Notes

No Game Note

Finance

Level 1 -- Attendance: 5112 (85,20%) -- Ticket Income $511,200
Level 2 -- Attendance: 3768 (75,36%) -- Ticket Income $226,080
Level 3 -- Attendance: 1946 (97,30%) -- Ticket Income $68,110
Level 4 -- Attendance: 4000 (100,00%) -- Ticket Income $80,000
Luxury Box -- Attendance: 863 (86,30%) -- Ticket Income $172,600
Game was played at the Madison Square Garden.
Total Attendance: 15689 (87,16%)
Total Ticket Income: $1,057,990
Other Income: $264,498
Total Income: $1,322,488

CAROLINA Hurricanes

5 vs 5 Forward 
   Center                   Left Wing                Right Wing               Time % Phy DF OF 
 1 Mika Zibanejad           Elias Pettersson         William Nylander         40     1   2  2  
 2 Nazem Kadri              Brady Tkachuk            Travis Konecny           30     1   2  2  
 3 Blake Lizotte            Filip Forsberg           David Perron             20     1   2  2  
 4 Derek Ryan               Noah Cates               Evgeny Svechnikov        10     1   2  2  

5 vs 5 Defense 
   Defense                  Defense                                           Time % Phy DF OF 
 1 Adam Fox                 Brandon Montour                                   40     1   2  2  
 2 Kris Letang              Devon Toews                                       30     1   2  2  
 3 Rasmus Ristolainen       Niko Mikkola                                      20     1   2  2  
 4 Adam Fox                 Brandon Montour                                   10     1   2  2  

PowerPlay Forward 
   Center                   Left Wing                Right Wing               Time % Phy DF OF 
 1 Mika Zibanejad           Brady Tkachuk            William Nylander         60     1   2  2  
 2 Elias Pettersson         Filip Forsberg           Travis Konecny           40     1   2  2  

PowerPlay Defense
   Defense                  Defense                                           Time % Phy DF OF 
 1 Adam Fox                 Brandon Montour                                   60     1   2  2  
 2 Kris Letang              Devon Toews                                       40     1   2  2  

Penalty Kill 4 Players Forward 
   Center                   Wing                     Time % Phy DF OF 
 1 Mika Zibanejad           Elias Pettersson         60     1   2  2  
 2 Noah Cates               Derek Ryan               40     1   2  2  

Penalty Kill 4 Players Defense
   Defense                  Defense                  Time % Phy DF OF 
 1 Adam Fox                 Devon Toews              60     1   2  2  
 2 Kris Letang              Rasmus Ristolainen       40     1   2  2  

Penalty Kill - 3 Players Forward 
   Forward                                           Time % Phy DF OF 
 1 Mika Zibanejad                                    60     1   2  2  
 2 Elias Pettersson                                  40     1   2  2  

Penalty Kill - 3 Players Defense
   Defense                  Defense                  Time % Phy DF OF 
 1 Adam Fox                 Devon Toews              60     1   2  2  
 2 Kris Letang              Rasmus Ristolainen       40     1   2  2  

4 vs 4 Forward 
   Center                   Wing                     Time % Phy DF OF 
 1 Mika Zibanejad           William Nylander         60     1   2  2  
 2 Elias Pettersson         Filip Forsberg           40     1   2  2  

4 vs 4 Defense
   Defense                  Defense                  Time % Phy DF OF 
 1 Adam Fox                 Brandon Montour          60     1   2  2  
 2 Kris Letang              Devon Toews              40     1   2  2  

Last Minutes Offensive
   Center                   Left Wing                Right Wing               Defense                  Defense                  
   Mika Zibanejad           Brady Tkachuk            William Nylander         Adam Fox                 Brandon Montour          

Last Minutes Defensive
   Center                   Left Wing                Right Wing               Defense                  Defense                  
   Mika Zibanejad           Brady Tkachuk            William Nylander         Adam Fox                 Brandon Montour          

Goaltenders
Starting : Alexandar Georgiev       
Backup : Alex Lyon                

Extra Forwards
Normal : Nazem Kadri, David Perron, Travis Konecny - PP : Nazem Kadri, David Perron - PK : Nazem Kadri
Extra Defensemen
Normal : Devon Toews, Rasmus Ristolainen, Niko Mikkola - PP : Devon Toews - PK : Devon Toews, Rasmus Ristolainen
Penalty Shots
Mika Zibanejad, Elias Pettersson, William Nylander, Brady Tkachuk, Nazem Kadri

Scratches
None

NEW YORK Rangers

5 vs 5 Forward 
   Center                   Left Wing                Right Wing               Time % Phy DF OF 
 1 Jamie Benn               Chris Kreider            Mats Zuccarello          40     1   2  2  
 2 Brayden Schenn           Timo Meier               Conor Garland            30     1   2  2  
 3 Andrew Copp              Kasperi Kapanen          Kirill Marchenko         20     1   3  1  
 4 Casey Cizikas            Ryan Lomberg             Vladislav Namestnikov    10     3   2  0  

5 vs 5 Defense 
   Defense                  Defense                                           Time % Phy DF OF 
 1 Jared Spurgeon           Justin Faulk                                      40     0   3  2  
 2 Cam Fowler               Tyler Myers                                       33     1   3  1  
 3 Jacob Middleton          Dante Fabbro                                      26     2   2  1  
 4 Jared Spurgeon           Justin Faulk                                      1      1   2  2  

PowerPlay Forward 
   Center                   Left Wing                Right Wing               Time % Phy DF OF 
 1 Jamie Benn               Chris Kreider            Andrew Copp              60     1   2  2  
 2 Brayden Schenn           Timo Meier               Kasperi Kapanen          40     1   2  2  

PowerPlay Defense
   Defense                  Defense                                           Time % Phy DF OF 
 1 Jared Spurgeon           Justin Faulk                                      60     1   2  2  
 2 Cam Fowler               Tyler Myers                                       40     1   2  2  

Penalty Kill 4 Players Forward 
   Center                   Wing                     Time % Phy DF OF 
 1 Jamie Benn               Chris Kreider            60     1   2  2  
 2 Brayden Schenn           Timo Meier               40     1   2  2  

Penalty Kill 4 Players Defense
   Defense                  Defense                  Time % Phy DF OF 
 1 Jared Spurgeon           Justin Faulk             60     1   2  2  
 2 Cam Fowler               Tyler Myers              40     1   2  2  

Penalty Kill - 3 Players Forward 
   Forward                                           Time % Phy DF OF 
 1 Jamie Benn                                        60     1   2  2  
 2 Brayden Schenn                                    40     1   2  2  

Penalty Kill - 3 Players Defense
   Defense                  Defense                  Time % Phy DF OF 
 1 Jared Spurgeon           Justin Faulk             60     1   2  2  
 2 Cam Fowler               Tyler Myers              40     1   2  2  

4 vs 4 Forward 
   Center                   Wing                     Time % Phy DF OF 
 1 Jamie Benn               Chris Kreider            60     1   2  2  
 2 Brayden Schenn           Timo Meier               40     1   2  2  

4 vs 4 Defense
   Defense                  Defense                  Time % Phy DF OF 
 1 Jared Spurgeon           Justin Faulk             60     1   2  2  
 2 Cam Fowler               Tyler Myers              40     1   2  2  

Last Minutes Offensive
   Center                   Left Wing                Right Wing               Defense                  Defense                  
   Jamie Benn               Chris Kreider            Andrew Copp              Jared Spurgeon           Justin Faulk             

Last Minutes Defensive
   Center                   Left Wing                Right Wing               Defense                  Defense                  
   Jamie Benn               Chris Kreider            Andrew Copp              Jared Spurgeon           Justin Faulk             

Goaltenders
Starting : Linus Ullmark            
Backup : Eric Comrie              

Extra Forwards
Normal : Brayden Schenn, Andrew Copp, Conor Garland - PP : Brayden Schenn, Andrew Copp - PK : Brayden Schenn
Extra Defensemen
Normal : Tyler Myers, Jacob Middleton, Dante Fabbro - PP : Tyler Myers - PK : Tyler Myers, Jacob Middleton
Penalty Shots
Jamie Benn, Chris Kreider, Timo Meier, Mats Zuccarello, Brayden Schenn

Scratches
Mason Shaw (Healthy)

% Time on Ice - CAROLINA Hurricanes

Lines # - Real PCT - Wanted PCT - Time Play
Normal Forward
1 - 35% - 40% - 16:30
2 - 28% - 30% - 12:57
3 - 21% - 20% - 9:46
4 - 16% - 10% - 7:26
Normal Defense
1 - 38% - 40% - 17:46
2 - 35% - 30% - 16:10
3 - 26% - 20% - 12:17
4 - 1% - 10% - 0:26
PP Forward
1 - 56% - 60% - 4:27
2 - 44% - 40% - 3:29
PP Defense
1 - 56% - 60% - 4:27
2 - 44% - 40% - 3:29
PK Forward
1 - 60% - 60% - 3:14
2 - 40% - 40% - 2:11
PK Defense
1 - 32% - 60% - 1:45
2 - 68% - 40% - 3:40
PK3 Forward
1 - 0% - 60%
2 - 0% - 40%
PK3 Defense
1 - 0% - 60%
2 - 0% - 40%
44 Forward
1 - 0% - 60%
2 - 0% - 40%
44 Defense
1 - 0% - 60%
2 - 0% - 40%
Last Minute Offensive  - 0:00
Last Minute Defensive  - 0:00
Total
Forward - 60:00
Defense - 60:00

% Time on Ice - NEW YORK Rangers

Lines # - Real PCT - Wanted PCT - Time Play
Normal Forward
1 - 32% - 40% - 14:44
2 - 31% - 30% - 14:36
3 - 24% - 20% - 11:00
4 - 14% - 10% - 6:19
Normal Defense
1 - 37% - 40% - 17:27
2 - 32% - 33% - 15:02
3 - 30% - 26% - 14:10
4 - 0% - 1% - 0:00
PP Forward
1 - 36% - 60% - 1:58
2 - 64% - 40% - 3:27
PP Defense
1 - 43% - 60% - 2:19
2 - 57% - 40% - 3:06
PK Forward
1 - 73% - 60% - 5:46
2 - 27% - 40% - 2:10
PK Defense
1 - 73% - 60% - 5:48
2 - 27% - 40% - 2:08
PK3 Forward
1 - 0% - 60%
2 - 0% - 40%
PK3 Defense
1 - 0% - 60%
2 - 0% - 40%
44 Forward
1 - 0% - 60%
2 - 0% - 40%
44 Defense
1 - 0% - 60%
2 - 0% - 40%
Last Minute Offensive  - 0:00
Last Minute Defensive  - 0:00
Total
Forward - 60:00
Defense - 60:00

Play-by-Play

1st period


0:01 of 1st period - Mika Zibanejad wins face-off versus Jamie Benn in neutral zone.
0:16 of 1st period - Shot by Chris Kreider.
0:16 of 1st period - Shot Blocked by Adam Fox.
0:41 of 1st period - Justin Faulk is hit by Brandon Montour and loses puck.
0:57 of 1st period - Icing by Adam Fox.
0:58 of 1st period - Mika Zibanejad wins face-off versus Brayden Schenn in CAROLINA Hurricanes zone.
1:02 of 1st period - Brandon Montour is hit by Tyler Myers and loses puck.
1:33 of 1st period - Icing by Travis Konecny.
1:34 of 1st period - Nazem Kadri wins face-off versus Andrew Copp in CAROLINA Hurricanes zone.
1:36 of 1st period - Icing by Devon Toews.
1:37 of 1st period - Nazem Kadri wins face-off versus Andrew Copp in CAROLINA Hurricanes zone.
1:44 of 1st period - Devon Toews is hit by Kasperi Kapanen and loses puck.
1:49 of 1st period - Shot by Andrew Copp.
1:49 of 1st period - Stopped by Alexandar Georgiev with a rebound.
1:53 of 1st period - Shot by Kasperi Kapanen.
1:53 of 1st period - Shot Blocked by Kris Letang.
1:55 of 1st period - Shot by Andrew Copp.
1:55 of 1st period - Shot Blocked by Devon Toews.
1:57 of 1st period - Shot by Andrew Copp.
1:57 of 1st period - Shot Blocked by Devon Toews.
2:20 of 1st period - Andrew Copp is hit by Kris Letang and loses puck.
2:58 of 1st period - Shot by Ryan Lomberg.
2:58 of 1st period - Shot Misses the Net.
3:42 of 1st period - Shot by Filip Forsberg.
3:42 of 1st period - Deflect By David Perron.
3:42 of 1st period - Stopped by Linus Ullmark without a rebound.
3:43 of 1st period - Timo Meier wins face-off versus Derek Ryan in NEW YORK Rangers zone.
3:53 of 1st period - Brayden Schenn is hit by Brandon Montour and loses puck.
4:00 of 1st period - Shot by Brayden Schenn.
4:00 of 1st period - Shot Misses the Net.
4:02 of 1st period - Shot by Jacob Middleton.
4:02 of 1st period - Shot Misses the Net.
4:04 of 1st period - Shot by Jacob Middleton.
4:04 of 1st period - Deflect By Timo Meier.
4:04 of 1st period - Shot Misses the Net.
4:06 of 1st period - Shot by Dante Fabbro.
4:06 of 1st period - Shot Misses the Net.
4:08 of 1st period - Shot by Brayden Schenn.
4:08 of 1st period - Stopped by Alexandar Georgiev without a rebound.
4:09 of 1st period - Jamie Benn wins face-off versus Mika Zibanejad in CAROLINA Hurricanes zone.
4:18 of 1st period - Mats Zuccarello is hit by Mika Zibanejad.
4:49 of 1st period - Minor Penalty to Rasmus Ristolainen for Tripping.
4:50 of 1st period - Brayden Schenn wins face-off versus Mika Zibanejad in CAROLINA Hurricanes zone.
5:03 of 1st period - Shot by Kasperi Kapanen.
5:03 of 1st period - Stopped by Alexandar Georgiev without a rebound.
5:04 of 1st period - Mika Zibanejad wins face-off versus Timo Meier in CAROLINA Hurricanes zone.
5:04 of 1st period - Mika Zibanejad is hit by Kasperi Kapanen.
5:18 of 1st period - Kris Letang is hit by Brayden Schenn and loses puck.
5:47 of 1st period - Icing by Tyler Myers.
5:48 of 1st period - Brayden Schenn wins face-off versus Noah Cates in NEW YORK Rangers zone.
5:48 of 1st period - Brayden Schenn is hit by Derek Ryan.
6:17 of 1st period - Kris Letang is hit by Timo Meier and loses puck.
6:49 of 1st period - Andrew Copp is hit by Rasmus Ristolainen.
6:58 of 1st period - Minor Penalty to Niko Mikkola for Delaying the game.
6:59 of 1st period - Jamie Benn wins face-off versus Mika Zibanejad in CAROLINA Hurricanes zone.
7:00 of 1st period - Shot by Jared Spurgeon.
7:00 of 1st period - Shot Misses the Net.
7:02 of 1st period - Shot by Andrew Copp.
7:02 of 1st period - Deflect By Chris Kreider.
7:02 of 1st period - Stopped by Alexandar Georgiev without a rebound.
7:03 of 1st period - Mika Zibanejad wins face-off versus Jamie Benn in CAROLINA Hurricanes zone.
7:09 of 1st period - Icing by Chris Kreider.
7:10 of 1st period - Mika Zibanejad wins face-off versus Andrew Copp in NEW YORK Rangers zone.
7:10 of 1st period - Kris Letang is hit by Justin Faulk and loses puck.
8:23 of 1st period - Shot by Timo Meier.
8:23 of 1st period - Shot Blocked by Rasmus Ristolainen.
8:25 of 1st period - Shot by Brayden Schenn.
8:25 of 1st period - Goal by Brayden Schenn - CAROLINA Hurricanes : 0 - NEW YORK Rangers : 1.
8:26 of 1st period - Blake Lizotte wins face-off versus Casey Cizikas in neutral zone.
8:53 of 1st period - Shot by Casey Cizikas.
8:53 of 1st period - Stopped by Alexandar Georgiev without a rebound.
8:54 of 1st period - Nazem Kadri wins face-off versus Jamie Benn in CAROLINA Hurricanes zone.
9:33 of 1st period - Shot by Nazem Kadri.
9:33 of 1st period - Stopped by Linus Ullmark with a rebound.
9:46 of 1st period - Icing by Jared Spurgeon.
9:47 of 1st period - Jamie Benn wins face-off versus Mika Zibanejad in NEW YORK Rangers zone.
10:15 of 1st period - Elias Pettersson is hit by Brayden Schenn and loses puck.
10:22 of 1st period - Shot by Conor Garland.
10:22 of 1st period - Deflect By Timo Meier.
10:22 of 1st period - Shot Misses the Net.
10:24 of 1st period - Shot by Cam Fowler.
10:24 of 1st period - Stopped by Alexandar Georgiev without a rebound.
10:25 of 1st period - Blake Lizotte wins face-off versus Andrew Copp in CAROLINA Hurricanes zone.
11:36 of 1st period - Shot by Mika Zibanejad.
11:36 of 1st period - Shot Misses the Net.
12:29 of 1st period - Derek Ryan is hit by Timo Meier and loses puck.
13:32 of 1st period - Derek Ryan is hit by Kirill Marchenko and loses puck.
17:08 of 1st period - Icing by Chris Kreider.
17:09 of 1st period - Mika Zibanejad wins face-off versus Jamie Benn in NEW YORK Rangers zone.
17:16 of 1st period - Dante Fabbro is hit by William Nylander and loses puck.
17:30 of 1st period - Off-side.
17:31 of 1st period - Blake Lizotte wins face-off versus Andrew Copp in neutral zone.
18:12 of 1st period - Andrew Copp is hit by Rasmus Ristolainen and loses puck.
18:45 of 1st period - Shot by Jared Spurgeon.
18:45 of 1st period - Shot Misses the Net.
18:47 of 1st period - Shot by Justin Faulk.
18:47 of 1st period - Shot Misses the Net.
18:49 of 1st period - Shot by Justin Faulk.
18:49 of 1st period - Stopped by Alexandar Georgiev without a rebound.
18:50 of 1st period - Mika Zibanejad wins face-off versus Brayden Schenn in CAROLINA Hurricanes zone.
19:34 of 1st period - Icing by Brandon Montour.
19:35 of 1st period - Jamie Benn wins face-off versus Mika Zibanejad in CAROLINA Hurricanes zone.
19:58 of 1st period - Shot by Jamie Benn.
19:58 of 1st period - Stopped by Alexandar Georgiev with a rebound.
Goals for this period are 0 for CAROLINA Hurricanes vs 1 for NEW YORK Rangers.
Shots for this period are 2 for CAROLINA Hurricanes vs 9 for NEW YORK Rangers.

2nd period


0:01 of 2nd period - Jamie Benn wins face-off versus Mika Zibanejad in neutral zone.
0:56 of 2nd period - Icing by Kris Letang.
0:57 of 2nd period - Brayden Schenn wins face-off versus Nazem Kadri in CAROLINA Hurricanes zone.
1:00 of 2nd period - Shot by Conor Garland.
1:00 of 2nd period - Shot Misses the Net.
1:02 of 2nd period - Shot by Brayden Schenn.
1:02 of 2nd period - Goal by Brayden Schenn - CAROLINA Hurricanes : 0 - NEW YORK Rangers : 2.
1:03 of 2nd period - Nazem Kadri wins face-off versus Brayden Schenn in neutral zone.
1:23 of 2nd period - Tyler Myers is hit by Kris Letang and loses puck.
1:35 of 2nd period - Icing by Kris Letang.
1:36 of 2nd period - Nazem Kadri wins face-off versus Andrew Copp in CAROLINA Hurricanes zone.
1:36 of 2nd period - Nazem Kadri is hit by Kirill Marchenko.
1:50 of 2nd period - Nazem Kadri is hit by Kirill Marchenko and loses puck.
2:04 of 2nd period - Andrew Copp is hit by Devon Toews and loses puck.
3:01 of 2nd period - Shot by Mats Zuccarello.
3:01 of 2nd period - Shot Misses the Net.
3:03 of 2nd period - Shot by Justin Faulk.
3:03 of 2nd period - Shot Misses the Net.
4:02 of 2nd period - Shot by Brayden Schenn.
4:02 of 2nd period - Stopped by Alexandar Georgiev without a rebound.
4:03 of 2nd period - Casey Cizikas wins face-off versus Derek Ryan in CAROLINA Hurricanes zone.
4:21 of 2nd period - Minor Penalty to Jacob Middleton for High sticking.
4:22 of 2nd period - Elias Pettersson wins face-off versus Jamie Benn in NEW YORK Rangers zone.
4:52 of 2nd period - Shot by Travis Konecny.
4:52 of 2nd period - Stopped by Linus Ullmark with a rebound.
5:42 of 2nd period - Cam Fowler is hit by Brady Tkachuk and loses puck.
7:21 of 2nd period - Icing by Conor Garland.
7:22 of 2nd period - Brayden Schenn wins face-off versus Travis Konecny in NEW YORK Rangers zone.
7:27 of 2nd period - Shot by Conor Garland.
7:27 of 2nd period - Deflect By Timo Meier.
7:27 of 2nd period - Stopped by Alexandar Georgiev without a rebound.
7:28 of 2nd period - Jamie Benn wins face-off versus Nazem Kadri in CAROLINA Hurricanes zone.
7:56 of 2nd period - Shot by Nazem Kadri.
7:56 of 2nd period - Stopped by Linus Ullmark without a rebound.
7:57 of 2nd period - Brayden Schenn wins face-off versus Mika Zibanejad in NEW YORK Rangers zone.
8:36 of 2nd period - Shot by Mika Zibanejad.
8:36 of 2nd period - Stopped by Linus Ullmark without a rebound.
8:37 of 2nd period - Chris Kreider wins face-off versus Nazem Kadri in NEW YORK Rangers zone.
8:48 of 2nd period - Shot by Jamie Benn.
8:48 of 2nd period - Stopped by Alexandar Georgiev without a rebound.
8:49 of 2nd period - Blake Lizotte wins face-off versus Andrew Copp in CAROLINA Hurricanes zone.
8:59 of 2nd period - Minor Penalty to Jared Spurgeon for Cross-checking.
9:00 of 2nd period - Jamie Benn wins face-off versus Mika Zibanejad in NEW YORK Rangers zone.
9:15 of 2nd period - Shot by Brady Tkachuk.
9:15 of 2nd period - Stopped by Linus Ullmark without a rebound.
9:16 of 2nd period - Chris Kreider wins face-off versus Filip Forsberg in NEW YORK Rangers zone.
9:27 of 2nd period - Shot by Filip Forsberg.
9:27 of 2nd period - Shot Misses the Net.
9:33 of 2nd period - Shot by Travis Konecny.
9:33 of 2nd period - Shot Misses the Net.
9:56 of 2nd period - Elias Pettersson is hit by Tyler Myers.
10:20 of 2nd period - Shot by Adam Fox.
10:20 of 2nd period - Deflect By Brady Tkachuk.
10:20 of 2nd period - Stopped by Linus Ullmark without a rebound.
10:21 of 2nd period - Brayden Schenn wins face-off versus Mika Zibanejad in NEW YORK Rangers zone.
10:28 of 2nd period - Icing by Mika Zibanejad.
10:29 of 2nd period - Mika Zibanejad wins face-off versus Brayden Schenn in CAROLINA Hurricanes zone.
11:37 of 2nd period - Shot by Noah Cates.
11:37 of 2nd period - Shot Misses the Net.
12:13 of 2nd period - Shot by Filip Forsberg.
12:13 of 2nd period - Stopped by Linus Ullmark without a rebound.
12:14 of 2nd period - Jamie Benn wins face-off versus Mika Zibanejad in NEW YORK Rangers zone.
12:26 of 2nd period - Jacob Middleton is hit by Mika Zibanejad and loses puck.
12:38 of 2nd period - Jacob Middleton is hit by Elias Pettersson and loses puck.
13:19 of 2nd period - Shot by Timo Meier.
13:19 of 2nd period - Stopped by Alexandar Georgiev without a rebound.
13:20 of 2nd period - Casey Cizikas wins face-off versus Nazem Kadri in CAROLINA Hurricanes zone.
13:30 of 2nd period - Devon Toews is hit by Justin Faulk and loses puck.
13:39 of 2nd period - Shot by Travis Konecny.
13:39 of 2nd period - Shot Misses the Net.
14:35 of 2nd period - Icing by Rasmus Ristolainen.
14:36 of 2nd period - Blake Lizotte wins face-off versus Jamie Benn in CAROLINA Hurricanes zone.
14:45 of 2nd period - Shot by Blake Lizotte.
14:45 of 2nd period - Shot Misses the Net.
14:47 of 2nd period - Shot by Rasmus Ristolainen.
14:47 of 2nd period - Stopped by Linus Ullmark without a rebound.
14:48 of 2nd period - Mika Zibanejad wins face-off versus Brayden Schenn in NEW YORK Rangers zone.
15:37 of 2nd period - Adam Fox is hit by Brayden Schenn and loses puck.
16:24 of 2nd period - Minor Penalty to Kris Letang for Slashing.
16:25 of 2nd period - Brayden Schenn wins face-off versus Noah Cates in CAROLINA Hurricanes zone.
16:58 of 2nd period - Shot by Justin Faulk.
16:58 of 2nd period - Shot Blocked by Devon Toews.
17:00 of 2nd period - Shot by Justin Faulk.
17:00 of 2nd period - Stopped by Alexandar Georgiev with a rebound.
17:13 of 2nd period - Icing by Cam Fowler.
17:14 of 2nd period - Nazem Kadri wins face-off versus Chris Kreider in NEW YORK Rangers zone.
17:25 of 2nd period - Shot by Tyler Myers.
17:25 of 2nd period - Shot Misses the Net.
17:27 of 2nd period - Shot by Jamie Benn.
17:27 of 2nd period - Stopped by Alexandar Georgiev with a rebound.
17:39 of 2nd period - Shot by Cam Fowler.
17:39 of 2nd period - Shot Misses the Net.
17:41 of 2nd period - Shot by Jamie Benn.
17:41 of 2nd period - Shot Blocked by Mika Zibanejad.
17:47 of 2nd period - Shot by Chris Kreider.
17:47 of 2nd period - Stopped by Alexandar Georgiev with a rebound.
17:49 of 2nd period - Shot by Tyler Myers.
17:49 of 2nd period - Shot Misses the Net.
18:56 of 2nd period - Shot by Vladislav Namestnikov.
18:56 of 2nd period - Stopped by Alexandar Georgiev without a rebound.
18:57 of 2nd period - Blake Lizotte wins face-off versus Andrew Copp in CAROLINA Hurricanes zone.
Goals for this period are 0 for CAROLINA Hurricanes vs 1 for NEW YORK Rangers.
Shots for this period are 7 for CAROLINA Hurricanes vs 9 for NEW YORK Rangers.

3rd period


0:01 of 3rd period - Jamie Benn wins face-off versus Elias Pettersson in neutral zone.
0:12 of 3rd period - Shot by Jamie Benn.
0:12 of 3rd period - Shot Blocked by Adam Fox.
0:14 of 3rd period - Shot by Justin Faulk.
0:14 of 3rd period - Goal by Justin Faulk - CAROLINA Hurricanes : 0 - NEW YORK Rangers : 3.
0:15 of 3rd period - Nazem Kadri wins face-off versus Brayden Schenn in neutral zone.
0:32 of 3rd period - Shot by Brady Tkachuk.
0:32 of 3rd period - Shot Misses the Net.
0:34 of 3rd period - Shot by Nazem Kadri.
0:34 of 3rd period - Shot Blocked by Timo Meier.
1:26 of 3rd period - Shot by Mika Zibanejad.
1:26 of 3rd period - Shot Misses the Net.
1:28 of 3rd period - Shot by Mika Zibanejad.
1:28 of 3rd period - Stopped by Linus Ullmark without a rebound.
1:29 of 3rd period - Blake Lizotte wins face-off versus Andrew Copp in NEW YORK Rangers zone.
1:30 of 3rd period - Shot by Rasmus Ristolainen.
1:30 of 3rd period - Stopped by Linus Ullmark without a rebound.
1:31 of 3rd period - Blake Lizotte wins face-off versus Jamie Benn in NEW YORK Rangers zone.
1:31 of 3rd period - Blake Lizotte is hit by Jared Spurgeon.
3:33 of 3rd period - Icing by Conor Garland.
3:34 of 3rd period - Derek Ryan wins face-off versus Brayden Schenn in NEW YORK Rangers zone.
3:34 of 3rd period - Derek Ryan is hit by Dante Fabbro.
3:45 of 3rd period - Brayden Schenn is hit by Noah Cates and loses puck.
4:25 of 3rd period - Off-side.
4:26 of 3rd period - Jamie Benn wins face-off versus Mika Zibanejad in neutral zone.
4:57 of 3rd period - Icing by Kris Letang.
4:58 of 3rd period - Mika Zibanejad wins face-off versus Andrew Copp in CAROLINA Hurricanes zone.
5:22 of 3rd period - Andrew Copp is hit by Devon Toews and loses puck.
5:27 of 3rd period - Shot by Kirill Marchenko.
5:27 of 3rd period - Stopped by Alexandar Georgiev without a rebound.
5:28 of 3rd period - Travis Konecny wins face-off versus Mats Zuccarello in CAROLINA Hurricanes zone.
5:33 of 3rd period - Jared Spurgeon is hit by Nazem Kadri and loses puck.
6:54 of 3rd period - Shot by Blake Lizotte.
6:54 of 3rd period - Shot Blocked by Conor Garland.
7:28 of 3rd period - Kasperi Kapanen is hit by Niko Mikkola and loses puck.
7:54 of 3rd period - Andrew Copp is hit by Devon Toews and loses puck.
8:06 of 3rd period - Kris Letang is hit by Ryan Lomberg and loses puck.
8:26 of 3rd period - Casey Cizikas is hit by Kris Letang and loses puck.
8:33 of 3rd period - Shot by Ryan Lomberg.
8:33 of 3rd period - Shot Misses the Net.
8:35 of 3rd period - Shot by Vladislav Namestnikov.
8:35 of 3rd period - Shot Misses the Net.
8:37 of 3rd period - Shot by Ryan Lomberg.
8:37 of 3rd period - Shot Blocked by Devon Toews.
9:15 of 3rd period - Brandon Montour is hit by Jamie Benn and loses puck.
10:10 of 3rd period - Shot by Brayden Schenn.
10:10 of 3rd period - Stopped by Alexandar Georgiev without a rebound.
10:11 of 3rd period - Nazem Kadri wins face-off versus Andrew Copp in CAROLINA Hurricanes zone.
10:11 of 3rd period - Nazem Kadri is hit by Andrew Copp.
10:42 of 3rd period - Shot by Travis Konecny.
10:42 of 3rd period - Stopped by Linus Ullmark without a rebound.
10:43 of 3rd period - Blake Lizotte wins face-off versus Brayden Schenn in NEW YORK Rangers zone.
11:18 of 3rd period - David Perron is hit by Dante Fabbro and loses puck.
11:22 of 3rd period - Icing by Brayden Schenn.
11:23 of 3rd period - Brayden Schenn wins face-off versus Mika Zibanejad in NEW YORK Rangers zone.
11:23 of 3rd period - Brayden Schenn is hit by Elias Pettersson.
11:26 of 3rd period - Conor Garland is hit by Mika Zibanejad and loses puck.
11:34 of 3rd period - Minor Penalty to Brayden Schenn for Interference.
11:35 of 3rd period - Jamie Benn wins face-off versus Mika Zibanejad in NEW YORK Rangers zone.
11:53 of 3rd period - Icing by Mika Zibanejad.
11:54 of 3rd period - Mika Zibanejad wins face-off versus Jamie Benn in CAROLINA Hurricanes zone.
11:54 of 3rd period - Mika Zibanejad is hit by Jamie Benn.
12:07 of 3rd period - Icing by Mika Zibanejad.
12:08 of 3rd period - Jamie Benn wins face-off versus Mika Zibanejad in CAROLINA Hurricanes zone.
12:16 of 3rd period - Icing by Brandon Montour.
12:17 of 3rd period - Jamie Benn wins face-off versus Mika Zibanejad in CAROLINA Hurricanes zone.
12:26 of 3rd period - Shot by Chris Kreider.
12:26 of 3rd period - Shot Misses the Net.
12:35 of 3rd period - Icing by Mika Zibanejad.
12:36 of 3rd period - Mika Zibanejad wins face-off versus Chris Kreider in CAROLINA Hurricanes zone.
12:50 of 3rd period - Shot by Mika Zibanejad.
12:50 of 3rd period - Stopped by Linus Ullmark without a rebound.
12:51 of 3rd period - Jamie Benn wins face-off versus Elias Pettersson in NEW YORK Rangers zone.
13:03 of 3rd period - Icing by Elias Pettersson.
13:04 of 3rd period - Jamie Benn wins face-off versus Filip Forsberg in CAROLINA Hurricanes zone.
13:41 of 3rd period - Off-side.
13:42 of 3rd period - Noah Cates wins face-off versus Brayden Schenn in neutral zone.
13:58 of 3rd period - Conor Garland is hit by Brandon Montour and loses puck.
14:03 of 3rd period - Shot by Timo Meier.
14:03 of 3rd period - Shot Misses the Net.
14:05 of 3rd period - Shot by Timo Meier.
14:05 of 3rd period - Deflect By Brayden Schenn.
14:05 of 3rd period - Shot Misses the Net.
14:13 of 3rd period - Shot by Timo Meier.
14:13 of 3rd period - Shot Blocked by Brandon Montour.
14:17 of 3rd period - Shot by Conor Garland.
14:17 of 3rd period - Stopped by Alexandar Georgiev without a rebound.
14:18 of 3rd period - Jamie Benn wins face-off versus William Nylander in CAROLINA Hurricanes zone.
14:30 of 3rd period - Icing by Devon Toews.
14:31 of 3rd period - Andrew Copp wins face-off versus Mika Zibanejad in CAROLINA Hurricanes zone.
14:32 of 3rd period - Shot by Kirill Marchenko.
14:32 of 3rd period - Stopped by Alexandar Georgiev without a rebound.
14:33 of 3rd period - Mika Zibanejad wins face-off versus Jamie Benn in CAROLINA Hurricanes zone.
14:41 of 3rd period - Icing by Adam Fox.
14:42 of 3rd period - Mika Zibanejad wins face-off versus Jamie Benn in CAROLINA Hurricanes zone.
14:42 of 3rd period - Elias Pettersson is hit by Chris Kreider.
14:43 of 3rd period - Icing by Elias Pettersson.
14:44 of 3rd period - Mika Zibanejad wins face-off versus Jamie Benn in CAROLINA Hurricanes zone.
14:57 of 3rd period - Justin Faulk is hit by Brandon Montour and loses puck.
15:18 of 3rd period - Shot by Chris Kreider.
15:18 of 3rd period - Shot Misses the Net.
16:15 of 3rd period - Shot by Brady Tkachuk.
16:15 of 3rd period - Shot Misses the Net.
16:17 of 3rd period - Shot by Devon Toews.
16:17 of 3rd period - Shot Misses the Net.
16:19 of 3rd period - Shot by Devon Toews.
16:19 of 3rd period - Shot Misses the Net.
16:48 of 3rd period - Shot by Dante Fabbro.
16:48 of 3rd period - Stopped by Alexandar Georgiev without a rebound.
16:49 of 3rd period - Casey Cizikas wins face-off versus Blake Lizotte in CAROLINA Hurricanes zone.
17:08 of 3rd period - Shot by Vladislav Namestnikov.
17:08 of 3rd period - Shot Misses the Net.
17:20 of 3rd period - Shot by Jared Spurgeon.
17:20 of 3rd period - Shot Misses the Net.
17:25 of 3rd period - Blake Lizotte is hit by Justin Faulk and loses puck.
17:29 of 3rd period - Minor Penalty to Justin Faulk for Holding Stick.
17:30 of 3rd period - Jamie Benn wins face-off versus Mika Zibanejad in NEW YORK Rangers zone.
18:36 of 3rd period - Filip Forsberg is hit by Tyler Myers and loses puck.
19:20 of 3rd period - Icing by Adam Fox.
19:21 of 3rd period - Jamie Benn wins face-off versus Mika Zibanejad in CAROLINA Hurricanes zone.
19:24 of 3rd period - Shot by Jamie Benn.
19:24 of 3rd period - Deflect By Chris Kreider.
19:24 of 3rd period - Shot Misses the Net.
19:32 of 3rd period - Shot by Derek Ryan.
19:32 of 3rd period - Deflect By Evgeny Svechnikov.
19:32 of 3rd period - Stopped by Linus Ullmark without a rebound.
19:33 of 3rd period - Brayden Schenn wins face-off versus Derek Ryan in NEW YORK Rangers zone.
19:51 of 3rd period - Shot by Timo Meier.
19:51 of 3rd period - Stopped by Alexandar Georgiev without a rebound.
19:52 of 3rd period - Andrew Copp wins face-off versus Nazem Kadri in CAROLINA Hurricanes zone.
Goals for this period are 0 for CAROLINA Hurricanes vs 1 for NEW YORK Rangers.
Shots for this period are 5 for CAROLINA Hurricanes vs 7 for NEW YORK Rangers. Output by the SimonT Hockey Simulator (STHS) for Martin Benoit - Original Page W3C HTML5 Valid
Hockey Simulator - Hockey Simulation - Hockey Manager